AoeStats
← OSMANE38

MegaRandom

510374454Analyzed
3v3 RM · 23h ago on Sep 30, 2026· 61m 6s· 6 players
Game mode
Random Map
Map size
Normal (6 player)
Population
200
Speed
Normal
Resources
Standard
Victory
Conquest
Starting age
Dark Age
Ending age
Imperial Age
RankedLock teamsTeams togetherTeam positionsShared explorationLock speedFull tech treeHidden civsTurbo modeCheats
Victory
Defeat
🇫🇷 Huns · France
923
+16
🇲🇽 Armenians · Mexico
915
+17
🇫🇷 Franks · France
912
+17
🇨🇳 Saracens · China
942
-18
🇹🇷 Vietnamese · Türkiye
925
-16
🇩🇪 Turks · Germany
912
-16
joseemiron
0:36 Loom
10:27 Feudal Age
10:37 Feudal Age
15:33 Castle Age
14:11 Double-Bit Axe
14:11 Horse Collar
14:48 Gold Mining
14:50 Stone Mining
19:27 Wheelbarrow
22:33 Medium Warships
26:12 Hand Cart
28:44 Town Watch
29:23 Bow Saw
32:12 Imperial Age
29:43 Fletching
29:55 Padded Archer Armor
31:34 Bodkin Arrow
31:55 Leather Archer Armor
31:44 Heavy Plow
32:27 Town Patrol
33:31 Heavy Warships
32:28 Demolition Ship
33:16 Cilician Fleet
33:31 Conscription
33:26 Careening
33:37 Ballistics
34:19 Chemistry
33:30 Clinker Construction
33:22 Bracer
33:44 Heavy Demolition Ship
38:03 Ring Archer Armor
41:31 Gold Shaft Mining
41:10 Forging
41:00 Scale Mail Armor
41:06 Scale Barding Armor
42:36 Iron Casting
42:14 Redemption
42:04 Atonement
42:15 Fervor
42:26 Sanctity
42:07 Devotion
42:32 Illumination
42:23 Block Printing
42:04 Herbal Medicine
42:45 Theocracy
42:30 Heresy
43:42 Chain Mail Armor
43:48 Chain Barding Armor
43:27 Murder Holes
43:42 Masonry
43:54 Dry Dock
45:42 Blast Furnace
44:10 Capped Ram
44:59 Man-at-Arms
45:27 Gambesons
45:03 Pikeman
45:46 Squires
45:31 Arson
46:18 Plate Mail Armor
45:39 Long Swordsman
46:49 Faith
47:23 Crossbowman
47:24 Two-Handed Swordsman
47:39 Siege Ram
47:48 Siege Ram
48:52 Fereters
48:26 Champion
48:28 Halberdier
53:53 Hoardings
52:44 Arbalester
52:45 Elite Skirmisher
53:00 Onager
53:00 Heavy Scorpion
53:24 Fishing Lines
53:30 Treadmill Crane
53:40 Heated Shot
54:11 Bombard Tower
53:42 Guard Tower
54:02 Fortified Wall
54:13 Carvel Hull
53:59 Siphons
Boba Fett
10:44 Feudal Age
11:11 Double-Bit Axe
11:22 Fishing Lines
14:33 Loom
15:24 Wheelbarrow
14:35 Town Watch
15:22 Gold Mining
15:22 Stone Mining
16:16 Scale Barding Armor
19:43 Castle Age
19:00 Man-at-Arms
20:45 Chain Barding Armor
20:41 Bow Saw
21:35 Town Patrol
23:59 Husbandry
23:21 Light Cavalry
24:28 Ballistics
24:58 Medium Warships
26:31 Caravan
26:30 Demolition Ship
27:01 Gillnets
27:41 Forging
29:50 Iron Casting
29:07 Guard Tower
29:54 Coinage
30:20 Gold Shaft Mining
30:02 Hand Cart
31:06 Masonry
30:37 Treadmill Crane
30:55 Murder Holes
34:46 Imperial Age
33:48 Fortified Wall
35:10 Scale Mail Armor
35:10 Padded Archer Armor
35:01 Fletching
35:22 Clinker Construction
37:07 Blast Furnace
37:41 Chemistry
37:27 Heavy Warships
36:23 Heavy Demolition Ship
37:06 Pikeman
37:07 Long Swordsman
37:33 Gambesons
38:11 Sanctity
38:01 Fervor
37:48 Herbal Medicine
38:25 Arrowslits
41:11 Banking
41:21 Squires
41:07 Arson
43:00 Architecture
43:17 Siege Engineers
43:24 Careening
44:23 Cavalier
45:41 Plate Barding Armor
46:22 Dry Dock
46:23 Carvel Hull
46:09 Siphons
46:24 Leather Archer Armor
47:26 Theocracy
47:12 Heresy
48:09 Chain Mail Armor
47:50 Bodkin Arrow
48:04 Two-Handed Swordsman
48:46 Devotion
49:12 Illumination
55:50 Plate Mail Armor
55:45 Faith
57:14 Onager
57:16 Capped Ram
57:17 Heavy Scorpion
59:09 Block Printing
60:13 Halberdier
60:13 Champion
LeCissé
6:23 Loom
9:35 Feudal Age
14:27 Castle Age
12:20 Double-Bit Axe
14:55 Fletching
15:29 Bow Saw
16:58 Wheelbarrow
17:04 Medium Warships
18:07 Bodkin Arrow
21:03 Horse Collar
25:28 Ballistics
27:36 Stone Mining
32:30 Imperial Age
31:29 Scale Barding Armor
31:45 Heavy Plow
34:45 Bloodlines
35:08 Chain Barding Armor
35:02 Husbandry
37:01 Conscription
37:01 Forging
37:28 Gold Mining
38:33 Plate Barding Armor
38:48 Marauders
39:46 Hand Cart
40:12 Iron Casting
42:01 Blast Furnace
41:11 Town Watch
55:57 Two-Man Saw
OSMANE38
0:36 Loom
11:22 Feudal Age
22:16 Castle Age
20:50 Stone Mining
21:59 Double-Bit Axe
23:20 Horse Collar
24:49 Heavy Plow
25:21 Bow Saw
26:57 Wheelbarrow
26:54 Gold Mining
dodo_kkl
2:25 Loom
10:11 Feudal Age
11:24 Double-Bit Axe
17:20 Gold Mining
22:37 Castle Age
21:30 Stone Mining
21:45 Padded Archer Armor
21:46 Scale Mail Armor
22:39 Crossbowman
23:28 Thumb Ring
林北干林娘。
1:15 Loom
10:22 Feudal Age
11:04 Double-Bit Axe
18:31 Horse Collar
21:52 Castle Age
22:13 Forging
22:46 Medium Warships
30:15 Imperial Age
27:54 Scale Barding Armor
28:45 Wheelbarrow
29:01 Heavy Plow
29:14 Bow Saw
31:13 Chain Barding Armor
31:29 Iron Casting
32:45 Plate Barding Armor
35:07 Hand Cart
34:38 Town Watch
35:56 Elite Mameluke
43:29 Blast Furnace
43:35 Town Patrol
49:18 Conscription
58:54 Counterweights
Connection lost

Rejoining the realm…

Still unreachable

The connection could not be restored.

Session expired

The server has moved on; the page needs a fresh start.